 Dungeon Crawl Stone Soup version 0.29.1-15-g9cfb28693d (webtiles) character file.

Game seed: 1300656553564799069

8489 Hugehornet the Protected (level 11, -4/60 HPs)
             Began as a Gargoyle Fighter on Mar 22, 2023.
             Was an Elder of Okawaru.
             Killed from afar by an acid dragon (14 damage)
             ... with a splash of acid
             ... on level 10 of the Dungeon.
             The game lasted 00:27:23 (12936 turns).

Hugehornet the Protected (Gargoyle Fighter)        Turns: 12936, Time: 00:27:23

Health: -4/60      AC: 17    Str: 25    XL:     11   Next: 31%
Magic:  15/15      EV: 10    Int: 14    God:    Okawaru [****..]
Gold:   130        SH:  4    Dex:  9    Spells: 10/10 levels left

rFire   + . .      SeeInvis .   a - +0 war axe
rCold   . . .      Faith    .   c - +0 buckler
rNeg    + + .      Spirit   .   S - +4 Cigotuvi's embrace {rMiasma Drain rN+}
rPois   ∞          Reflect  .   C - +0 helmet
rElec   +          Harm     .   (no cloak)
rCorr   .          Rampage  .   m - +0 pair of gloves
Will    .....                   o - +0 pair of boots
Stlth   +.........              (no amulet)
HPRegen 0.20/turn               h - ring of protection from fire
MPRegen 0.14/turn               P - +6 ring of strength

@: corroded
A: sickness immunity, AC +8, negative energy resistance 1, electricity
resistance, torment resistance 1, petrification resistance
a: Renounce Religion, Heroism, Finesse


You were on level 10 of the Dungeon.
You worshipped Okawaru.
Okawaru was greatly pleased with you.
You visited 2 branches of the dungeon, and saw 11 of its levels.

You collected 571 gold pieces.
You spent 441 gold pieces at shops.

Inventory:

Hand Weapons
 a - a +0 war axe (weapon)
 t - a +0 hand axe of holy wrath
 v - a +0 flail
 w - a +3 hand axe
 A - a +0 trident
 G - a +2 scythe of venom
Missiles
 j - a throwing net (quivered)
 R - 4 curare-tipped darts
Armour
 c - a +0 buckler (worn)
 d - a +0 chain mail
 m - a +0 pair of gloves (worn)
 o - a +0 pair of boots (worn)
 p - the +0 pair of boots of the Final Eyes {+Blink Str-5 Slay+2 Stlth+}
   (You found it on level 2 of the Dungeon)

   Str:       It affects your strength (-5).
   Slay:      It affects your accuracy & damage with ranged weapons and melee
   (+2).
   +Blink:    It lets you blink.
   Stlth:     It makes you more stealthy.
 C - a +0 helmet (worn)
 S - the +4 Cigotuvi's embrace (worn) {rMiasma Drain rN+}
   (You bought it in a shop on level 8 of the Dungeon)

   It gathers nearby corpses to temporarily increase the armour it provides.
   It protects you from foul pestilence.
   rN:        It protects you from negative energy.
   Drain:     It drains your maximum health when unequipped.
Jewellery
 h - a ring of protection from fire (left hand)
 P - a +6 ring of strength (right hand)
Wands
 s - a wand of digging (1)
 y - a wand of roots (7)
 I - a wand of charming (8)
 O - a wand of polymorph (12)
Scrolls
 e - 2 scrolls of poison {unknown}
 f - 4 scrolls of fear {unknown}
 i - a scroll of identify
 k - 2 scrolls of immolation {unknown}
 u - 4 scrolls of enchant armour
 x - 4 scrolls of teleportation
 z - 2 scrolls of magic mapping {unknown}
 D - 2 scrolls of blinking {unknown}
 E - a scroll of butterflies {unknown}
 J - a scroll of amnesia {unknown}
 K - a scroll of enchant weapon {unknown}
 Q - a scroll of vulnerability {unknown}
 T - 2 scrolls of noise
Potions
 b - 13 potions of degeneration
 g - 2 potions of ambrosia
 l - 2 potions of brilliance
 n - a potion of cancellation
 q - 3 potions of curing
 r - 2 potions of magic
 B - a potion of attraction
 F - 2 potions of lignification
 H - 2 potions of flight {unknown}
 L - 2 potions of resistance
 M - 2 potions of mutation {unknown}
 N - a potion of berserk rage {unknown}


   Skills:
 - Level 3.2 Fighting
 * Level 10.6 Axes
 * Level 12.8 Armour
 - Level 5.0 Shields
 + Level 5.6 Invocations


You had 10 spell levels left.
You didn't know any spells.
Your spell library contained the following spells:

 Spells                   Type           Power      Damage    Failure   Level
 Foxfire                  Conj/Fire      0%         2x1d4     38%         1
 Scorch                   Fire           0%         2d5       52%         2
 Conjure Flame            Conj/Fire      0%         6-21      77%         3
 Inner Flame              Hex/Fire       0%         N/A       77%         3
 Airstrike                Air            0%         2d(0-16)  99%         4
 Anguish                  Hex/Necr       0%         N/A       99%         4
 Flame Wave               Conj/Fire      0%         2d4       99%         4
 Lightning Bolt           Conj/Air       0%         1d11      100%        5
 Enfeeble                 Hex            0%         N/A       100%        7
 Summon Ice Beast         Ice/Summ       Unusable   N/A       N/A         4
 Summon Lightning Spire   Summ/Air       Unusable   N/A       N/A         4
 Summon Mana Viper        Hex/Summ       Unusable   N/A       N/A         5
 Summon Cactus Giant      Summ           Unusable   N/A       N/A         6
 Monstrous Menagerie      Summ           Unusable   N/A       N/A         7

Dungeon Overview and Level Annotations

Branches:
Dungeon (10/15)            Temple (1/1) D:4            Lair (0/5) D:8
    Orc: D:9-12

Altars:
Ashenzari
Cheibriados
Dithmenos
Elyvilon
Fedhas
Gozag
Hepliaklqana
Kikubaaqudgha
Makhleb
Nemelex Xobeh
Okawaru
Qazlal
Ru
Sif Muna
Trog
Uskayaw
Wu Jian
Xom
Yredelemnul
Zin
The Shining One

Shops:
D:8 (?[


Innate Abilities, Weirdness & Mutations

You are immune to sickness and miasma.
Your stone body is resilient. (AC +8)
You are immune to poison.
You resist negative energy. (rN+)
You are resistant to electric shocks. (rElec)
You are resistant to unholy torment.
You are immune to petrification.


Message History

You start resting.
HP restored.
There is a stone staircase leading down here.
You climb downwards.
There is a stone staircase leading up here.
You barely miss the kobold. You hit the kobold.
You kill the kobold!
No target in view!
No target in view!
No target in view!
No target in view!
No target in view!
The acid dragon spits acid at you. The splash of acid hits you!!
The acid corrodes you!
You see here a +0 whip.
You hit the acid dragon but do no damage.
The acid dragon bites you but does no damage.
The acid dragon claws you but does no damage.
The acid dragon bites you!
The acid dragon claws you but does no damage.
You barely miss the acid dragon. The acid dragon barely misses you.
The acid dragon claws you but does no damage.
You closely miss the acid dragon.
A wight comes into view. It is wielding a +3 trident.
The acid dragon barely misses you.
The acid dragon claws you but does no damage.
You closely miss the acid dragon. The acid dragon spits acid at you.
The splash of acid misses you.
You barely miss the acid dragon. The acid dragon spits acid at you.
The splash of acid hits you!
* * * LOW HITPOINT WARNING * * *
A wight comes into view. It is wielding a +0 battleaxe.
You hit the acid dragon.
The acid dragon is lightly wounded.
The acid dragon spits acid at you. The splash of acid hits you!
You die...

##### #...# .
#.#.# ...
##.#<#D#.....
#....@...z..z
.>..?.....##....
####.###### . #.
#


You could see an acid dragon (catching breath) and 2 wights.

Vanquished Creatures
  Erolcha (D:9)
  2 two-headed ogres
  Joseph (D:8)
  3 kobold demonologists (D:9)
  Sigmund (D:5)
  A wyvern (D:8)
  Eustachio (D:5)
  9 yaks
  Edmund (D:5)
  3 water moccasins
  3 orc warriors
  A sky beast (D:7)
  4 black bears
  3 ice beasts
  A centaur (D:5)
  A phantom (D:5)
  5 kobold brigands
  2 bullfrogs (D:7)
  4 scorpions
  2 wights (D:9)
  8 killer bees (D:8)
  An electric eel (D:6)
  A howler monkey (D:5)
  A quasit (D:8)
  2 gnoll boudas
  2 jellies
  5 orc priests
  2 hounds (D:5)
  6 iguanas
  8 orc wizards
  13 gnolls
  5 adders
  5 shadow imps
  4 white imps
  4 ufetubi
  3 worms
  2 dart slugs
  26 orcs
  10 endoplasms
  4 giant cockroaches
  8 goblins
  7 hobgoblins
  5 jackals
  4 quokkas
  4 ball pythons
  8 bats
  2 frilled lizards
  28 kobolds
  7 rats
234 creatures vanquished.

Vanquished Creatures (others)
  3 demonic plants (D:8)
  2 fungi (D:8)
  2 plants (D:8)
7 creatures vanquished.

Grand Total: 241 creatures vanquished

Notes
Turn   | Place    | Note
-------+----------+-------------------------------------------
     0 | D:1      | Hugehornet the Gargoyle Fighter began the quest for the
                  | Orb.
     0 | D:1      | Reached XP level 1. HP: 14/14 MP: 1/1
   195 | D:1      | Reached XP level 2. HP: 19/19 MP: 2/2
   362 | D:1      | Found a faded altar of an unknown god.
   535 | D:1      | Reached XP level 3. HP: 23/23 MP: 3/3
   689 | D:1      | Reached skill level 4 in Armour
  1423 | D:2      | Reached XP level 4. HP: 28/28 MP: 4/4
  1644 | D:2      | Identified the +0 pair of boots of the Final Eyes {+Blink
                  | Str-5 Slay+2 Stlth+}
  2404 | D:3      | Found an opulent altar of Gozag.
  2878 | D:3      | Found a glowing silver altar of Zin.
  3028 | D:4      | Found a staircase to the Ecumenical Temple.
  3065 | D:4      | Reached XP level 5. HP: 18/32 MP: 5/5
  3077 | Temple   | Entered the Ecumenical Temple
  3426 | D:4      | Reached skill level 5 in Armour
  3428 | D:4      | Reached XP level 6. HP: 18/37 MP: 6/6
  3956 | D:5      | Entered Level 5 of the Dungeon
  4341 | D:5      | Noticed a black bear
  4356 | D:5      | Killed a black bear
  4357 | D:5      | Reached skill level 6 in Armour
  4357 | D:5      | Reached XP level 7. HP: 39/41 MP: 7/7
  4505 | D:5      | Reached skill level 5 in Shields
  4515 | D:5      | Reached skill level 5 in Axes
  4626 | D:5      | Found a bloodstained altar of Trog.
  4643 | D:5      | Found a shadowy altar of Dithmenos.
  4757 | D:5      | Reached skill level 7 in Armour
  4986 | D:5      | Reached XP level 8. HP: 45/46 MP: 8/8
  5542 | D:5      | Noticed Eustachio
  5543 | D:5      | Noticed Edmund
  5565 | D:5      | Killed Edmund
  5581 | D:5      | Killed Eustachio
  5582 | D:5      | Reached skill level 8 in Armour
  5778 | D:5      | Noticed Sigmund
  5791 | D:5      | Killed Sigmund
  6263 | D:6      | Reached XP level 9. HP: 19/51 MP: 9/9
  6490 | D:6      | Reached skill level 9 in Armour
  6546 | D:6      | Noticed a two-headed ogre
  7163 | D:6      | Found an iron altar of Okawaru.
  7199 | D:6      | Became a worshipper of Warmaster Okawaru
  7304 | D:6      | Killed a two-headed ogre
  7304 | D:6      | Reached * piety under Okawaru
  7305 | D:6      | Reached skill level 10 in Armour
  7894 | D:7      | Reached skill level 1 in Invocations
  8378 | D:7      | Found a sacrificial altar of Ru.
  8403 | D:6      | Reached ** piety under Okawaru
  8889 | D:7      | Reached XP level 10. HP: 56/56 MP: 11/11
  9093 | D:8      | Found Gaexkoen's Armour Shoppe.
  9102 | D:8      | Bought the +4 Cigotuvi's embrace {rMiasma Drain rN+} for
                  | 303 gold pieces
  9102 | D:8      | Found the +4 Cigotuvi's embrace {rMiasma Drain rN+}
  9228 | D:8      | Reached skill level 11 in Armour
  9526 | D:8      | Found a staircase to the Lair.
  9671 | D:8      | Found Zuasagi's Magic Scroll Shop.
 10073 | D:8      | Found Juihidack's Weapon Shoppe.
 10254 | D:8      | Noticed Joseph
 10287 | D:8      | Killed Joseph
 10482 | D:8      | Bought a scroll of teleportation for 36 gold pieces
 10482 | D:8      | Bought a scroll of noise for 12 gold pieces
 10482 | D:8      | Bought a scroll of enchant armour for 90 gold pieces
 10644 | D:8      | Reached *** piety under Okawaru
 11235 | D:9      | Noticed a kobold demonologist
 11246 | D:9      | Noticed a sixfirhy
 11247 | D:9      | Killed a kobold demonologist
 11248 | D:9      | Reached skill level 12 in Armour
 11296 | D:9      | Noticed Erolcha
 11304 | D:9      | Reached skill level 10 in Axes
 11327 | D:9      | Killed Erolcha
 11327 | D:9      | Reached **** piety under Okawaru
 11328 | D:9      | Reached skill level 5 in Invocations
 11328 | D:9      | Reached XP level 11. HP: 21/60 MP: 11/14
 11486 | D:9      | Noticed a two-headed ogre
 11493 | D:9      | Killed a two-headed ogre
 12472 | D:10     | Entered Level 10 of the Dungeon
 12634 | D:9      | Noticed a soul eater
 12936 | D:10     | Killed from afar by an acid dragon

Illustrated notes

Levels and vault maps discovered:
D:1:      minmay_arrival_shoal_huts, layout_loops_ring,
          dilly_ecumenical_altar_fadedgnrine, minmay_pentomino_t4
D:2:      layout_loops_cross
D:3:      layout_loops_corners, pdpol_temple_overflow_zin_treasury_gozag_greed,
          chequers_serial_rivers_micro_c, hex_large
D:4:      layout_cave_pools, temple_fountains
D:5:      layout_basic, mainiacjoe_overflow_large_starburst,
          sigmund_edmund_badplayer, uniq_eustachio
D:6:      layout_cave_pools, mainiacjoe_overflow_surrounded_room, fountainhead,
          due_unseen_surprise
D:7:      layout_cave_pools, mainiacjoe_overflow_six_doors_small
D:8:      layout_cave_pods, dpeg_oklobed_lair, serial_shops,
          nicolae_shop_hallway_plus, nicolae_shop_waterfront,
          nicolae_shop_statue_plus, serial_demonic, serial_demonic_g,
          serial_demonic_g, serial_demonic_c, serial_demonic_f,
          serial_demonic_e, serial_demonic_d, uniq_joseph
D:9:      layout_gridville, enter_bailey_7, uniq_erolcha
D:10:     layout_basic, nicolae_overflow_crystal_walls
Temple:   eino_wide_crystal_templ

Skill      XL: |  1  2  3  4  5  6  7  8  9 10 |
---------------+-------------------------------+-----
Axes           | 2 3 4 5 7 8 10 | 10.6
Armour         | 4 5 6 7 8 10 12 | 12.8
Shields        | 4 5 |  5.0
Invocations    | 2 5 |  5.6
Fighting       | |  3.2

Action                   |  1- 3 |  4- 6 |  7- 9 | 10-12 || total
-------------------------+-------+-------+-------+-------++-------
Melee: War axe           |   128 |   164 |   360 |   452 ||  1104
Throw: Throwing net      |       |       |     1 |       ||     1
Invok: Heroism           |       |       |       |     4 ||     4
  Use: Scroll            |       |       |     5 |     3 ||     8
       Potion            |       |       |     3 |     2 ||     5
Armor: Scale mail        |    90 |   109 |   372 |     6 ||   577
       Leather armour    |       |       |       |   325 ||   325
Dodge: Dodged            |    87 |   108 |   243 |   222 ||   660
Block: Buckler           |    35 |    50 |    92 |   104 ||   281
